Workbook

Sheet FACTOR HUMANO  
A1: ANEXO OFERTA ECONÓMICA
A2: OBJETO | C2: Prestar el servicio integral de aseo, mantenimiento y cafetería, incluidos todos los insu-mos y elementos necesarios para su atención en las sedes de la Fiscalía General de la Nación - Subdirección de Apoyo Regional Caribe.
E5: NECESIDAD | F5: AJUSTE DE SERVICIOS CONFORME AL PRESUPUESTO
E7: TECHO PRESUPUESTAL | F7: OFERTA ECONÓMICA
A8: 1. SECCIONALES ATLÁNTICO, BOLIVAR, CESAR, GUAJIRA Y MAGDALENA | E8: VALOR UNITARIO | F8: VALOR UNITARIO | G8: VALOR TOTAL
A10: ITEM | B10: NECESIDAD | C10: AJUSTE SERVICIOS A PRESTAR | D10: TOTAL DIAS /MES
A12: 1 | B12: SUPERVISOR | C12: 5 | D12: MES | E12: 4506713 | G12: =+F12*$C12 -> 0 | I12: =+E12*C12 -> 22533565
A13: 2 | B13: OPERARIO DE ASEO TIEMPO COMPLETO | C13: 105 | D13: MES | E13: 3012577 | G13: =+F13*$C13 -> 0 | I13: =+E13*C13 -> 316320585
A14: 3 | B14: OPERARIO DE ASEO MEDIO TIEMPO | C14: 23 | D14: MES | E14: 1890499 | G14: =+F14*$C14 -> 0 | I14: =+E14*C14 -> 43481477
A15: 4 | B15: OPERARIO DE CAFETERIA TIEMPO COMPLETO | C15: 3 | D15: MES | E15: 3013313 | G15: =+F15*$C15 -> 0 | I15: =+E15*C15 -> 9039939
A16: 5 | B16: OPERARIO DE MANTENIMIENTO CERTIFICADO ALTURAS | C16: 32 | D16: MES | E16: 3831414 | G16: =+F16*$C16 -> 0 | I16: =+E16*C16 -> 122605248
A17: 6 | B17: OPERARIO DE ASEO TIEMPO COMPLETO JORNADA DIURNA, DOMINGOS Y/O FESTIVOS - ATLÁNTICO, BOLIVAR, CESAR, GUAJIRA, MAGDALENA | C17: 6 | D17: 6 | E17: 217128 | G17: =+F17*$C17*$D17 -> 0 | I17: =+E17*C17*D17 -> 7816608
A18: SUBTOTAL | C18: =SUM(C12:C17) -> 174 | G18: =SUM(G12:G17) -> 0 | I18: =SUM(I12:I17) -> 521797422
A19: AIU | C19: 0.1 | G19: =+G18*$C$19 -> 0 | I19: =+I18*10% -> 52179742
A20: IVA | C20: 0.19 | G20: =+G19*$C$20 -> 0 | I20: =+I19*19% -> 9914151
A21: TOTAL A FACTURAR SECCIONALES ATLÁNTICO, BOLIVAR, CESAR, GUAJIRA Y MAGDALENA | G21: =SUM(G18:G20) -> 0 | I21: =SUM(I18:I20) -> 5.8389132e+08
A22: 2. SECCIONAL SAN ANDRÉS Y PROVIDENCIA | E22: VALOR UNITARIO | F22: VALOR UNITARIO | G22: VALOR TOTAL
A24: ITEM | B24: NECESIDAD | C24: AJUSTE SERVICIOS A PRESTAR | D24: TOTAL DIAS/ MES
A26: 1 | B26: SUPERVISOR | C26: 1 | D26: MES | E26: 4506713 | G26: =+F26*$C26 -> 0 | I26: =+E26*C26 -> 4506713
A27: 2 | B27: OPERARIO DE ASEO TIEMPO COMPLETO | C27: 6 | D27: MES | E27: 3012577 | G27: =+F27*$C27 -> 0 | I27: =+E27*C27 -> 18075462
A28: 3 | B28: OPERARIO DE ASEO MEDIO TIEMPO | C28: 0 | D28: MES | E28: 1890499 | G28: =+F28*$C28 -> 0 | I28: =+E28*C28 -> 0
A29: 4 | B29: OPERARIO DE CAFETERIA TIEMPO COMPLETO | C29: 1 | D29: MES | E29: 3013313 | G29: =+F29*$C29 -> 0 | I29: =+E29*C29 -> 3013313
A30: 5 | B30: OPERARIO DE MANTENIMIENTO CERTIFICADO ALTURAS | C30: 2 | D30: MES | E30: 3831414 | G30: =+F30*$C30 -> 0 | I30: =+E30*C30 -> 7662828
A31: 6 | B31: OPERARIO DE ASEO TIEMPO COMPLETO JORNADA DIURNA, DOMINGOS Y/O FESTIVOS - SAN ANDRÉS | C31: 1 | D31: =+D17 -> 6 | E31: 217128 | G31: =+F31*$C31*$D31 -> 0 | I31: =+E31*C31*D31 -> 1302768
A32: SUBTOTAL | C32: =SUM(C26:C31) -> 11 | G32: =SUM(G26:G31) -> 0 | I32: =SUM(I26:I31) -> 34561084
A33: AIU | C33: 0.1 | G33: =+G32*$C$33 -> 0 | I33: =+I32*10% -> 3456108.4
A34: IVA | C34: 0
A35: TOTAL A FACTURAR SECCIONAL SAN ANDRÉS (SIN IVA) | G35: =SUM(G32:G34) -> 0 | I35: =SUM(I32:I34) -> 38017192
A37: VALOR TOTAL | G37: =+G21+G35 -> 0 | I37: =+I35+I21 -> 6.2190851e+08
I38: =+'INSUMOS '!I62 -> 1155170.9
I39: =+MAQUINARIA!H29 -> 1746920
I40: =+I39+I38+I37 -> 6.248106e+08
A41: NOTAS
A42: 1. La isla de San Andres se encuentra exenta de Iva
A43: 2 El valor del Operario de Aseo Tiempo Completo Domingo - festivo deberá ofertarse por día, en la casilla total se multiplicara los servicios por los dias del mes correspondientes
A44: 3 La Entidad podrá ajustar las cantidades de acuerdo con la Necesidad existente

Sheet INSUMOS 
A1: ANEXO
A2: OBJETO | C2: Prestar el servicio integral de aseo, mantenimiento y cafetería, incluidos todos los insu-mos y elementos necesarios para su atención en las sedes de la Fiscalía General de la Nación - Subdirección de Apoyo Regional Caribe.
A5: INSUMOS
I7: TECHO PRESUPUESTAL | J7: OFERTA ECONÓMICA
A8: ITEM | B8: INSUMO | C8: Especificación | D8: Presentación | E8: REQUIERE NSO (notificación Sanitaria Obligatoria O RSA (Registro Sanitario) | F8: ELEMENTO BIODEGRADABLE | G8: CANTIDAD | I8: VALOR UNITARIO INCLUIDO IVA A QUE HUBIERA LUGAR | J8: VALOR UNITARIO INCLUIDO IVA A QUE HUBIERA LUGAR
A9: 1 | B9: Jabón para loza | C9: - Con agente(s) tensoactivo(s) principal(es) con efecto limpiador y desengrasante en una concentración mínima del 8%. - Disponible en mínimo (2) dos fragancias - El envase debe estar correctamente etiquetado bajo los parámetros establecidos en el sistema globalmente armonizado (Decreto 1496 de 2018) indicando: nombre comercial del producto, pictogramas de los compuestos peligrosos si aplica e instrucciones de uso de acuerdo con los tiempos de transición descritos en el artículo 24 de la Resolución 773 de 2021. - Debe contener concentraciones de fósforo iguales o inferiores a 0.65% de fósforo (Resolución 0689 de 2016) | D9: Líquido, en recipiente plástico con capacidad mínima de 3.750 ml | E9: Requiere NSO | F9: Si | G9: 1 | I9: 24797
A10: 2 | B10: Jabón abrasivo | C10: -Con agente(s) tensoactivo(s) pincipal(es) con efecto limpiador, pulidor y desengrasante - Con agente activo mínimo del 5% - Debe contener concentraciones de fósforo iguales o inferiores a 0.65% de fósforo (Resolución 0689 de 2016) | D10: En polvo, en tarro de mínimo 500 g | E10: Requiere NSO | F10: Si | G10: 1 | I10: 6996
A11: 3 | B11: Jabón de dispensador para manos | C11: - Con agente limpiador en una concentración mínima del 6% - Con agente humectante en una concentración mínima del 3% - pH entre 5,5 a 7 - Disponible en mínimo (2) dos fragancias - Debe contener concentraciones de fósforo iguales o inferiores a 0.65% de fósforo (Resolución 0689 de 2016) | D11: Líquido, en recipiente plástico con capacidad mínima de 3.750 ml | E11: Requiere NSO | F11: Si | G11: 1 | I11: 27765
A12: 4 | B12: Detergente biodegradable multiusos en polvo | C12: - Con agente tensoactivo de mínimo 60% de biodegradabilidad -Con efecto limpiador de mínimo 9%. - El envase del producto deberá estar correctamente etiquetado bajo los parámetros: nombre comercial del producto, pictogramas de los compuestos peligrosos e instrucciones de uso - Debe contener concentraciones de fósforo iguales o inferiores a 0.65% de fósforo (Resolución 0689 de 2016) | D12: Polvo, en bolsa plástica o recipiente plástico con un peso de 1.000 g | E12: Requiere NSO | F12: Si | G12: 1 | I12: 10770
A13: 5 | B13: Limpiador desinfectante para uso general | C13: - Con agente(s) tensoactivo(s) con efecto antibacterial en una concentración mínima del 0,2% - Con agente(s) tensoactivo(s) con efecto limpiador y desengrasante en una concentración mínima del 1,5% - El envase debe estar correctamente etiquetado bajo los parámetros establecidos en el sistema globalmente armonizado (Decreto 1496 de 2018) indicando: nombre comercial del producto, pictogramas de los compuestos peligrosos si aplica e instrucciones de uso de acuerdo con los tiempos de transición descritos en el artículo 24 de la Resolución 773 de 2021. | D13: Líquido, en recipiente plástico con capacidad mínima de 3.750 ml | E13: Requiere NSO | F13: Si | G13: 1 | I13: 22461
A14: 6 | B14: Líquido para limpiar vidrios 1 | C14: - Con agente(s) principal(es) con efecto limpiador y desengrasante en una concentración mínima del 4% - Disponible mínimo en dos (2) fragancias - El envase debe estar correctamente etiquetados bajo los parámetros establecidos en el sistema globalmente armonizado indicando: nombre comercial del producto, pictogramas de los compuestos peligrosos e instrucciones de uso | D14: Líquido, en recipiente plástico con capacidad mínima de 3.750 ml | E14: Requiere NSO | F14: Si | G14: 1 | I14: 19378
A15: 7 | B15: Blanqueador o hipoclorito 1 | C15: - Solución con una concentración mínima del 5% - El envase del producto deberá estar correctamente etiquetado, indicando: nombre comercial del producto, pictogramas de los compuestos peligrosos e instrucciones de uso - El envase debe estar correctamente etiquetado bajo los parámetros establecidos en el sistema globalmente armonizado (Decreto 1496 de 2018) indicando: nombre comercial del producto, pictogramas de los compuestos peligrosos si aplica e instrucciones de uso de acuerdo con los tiempos de transición descritos en el artículo 24 de la Resolución 773 de 2021. | D15: Líquido, en recipiente plástico con capacidad mínima de 3.750 ml | E15: Requiere NSO | F15: No | G15: 1 | I15: 14459
A16: 8 | B16: Creolina 2 | C16: - Solución con una concentración mínima de fenoles de 4% | D16: Líquido, en recipiente plástico con capacidad mínima de 3.750 ml | E16: Requiere NSO | F16: Si | G16: 1 | I16: 42528
A17: 9 | B17: Cera polimérica | C17: - Polimérica autobrillante. - Con polímeros acrílicos, nivelantes y plastificantes. - Neutra (para pisos de todos los colores) - Contenido mínimo de sólidos del 10% | D17: Líquido, en recipiente plástico con capacidad mínima de 3.750 ml | E17: No requiere | F17: No | G17: 1 | I17: 46277
A18: 10 | B18: Sellante para pisos | C18: - Polimérico autobrillante. - Con polímeros acrílicos, nivelantes y plastificantes. - Contenido mínimo de sólidos del 20% - El envase debe estar correctamente etiquetado bajo los parámetros establecidos en el sistema globalmente armonizado (Decreto 1496 de 2018) indicando: nombre comercial del producto, pictogramas de los compuestos peligrosos si aplica e instrucciones de uso de acuerdo con los tiempos de transición descritos en el artículo 24 de la Resolución 773 de 2021. | D18: Líquido, en recipiente plástico con capacidad mínima de 3.750 ml | E18: No requiere | F18: No | G18: 1 | I18: 92850
A19: 11 | B19: Varsol ecológico 2 | C19: - Solución con agentes desinfectantes, desmanchadores y desengrasantes en concentración mínima del 15%. - Biodegradable mínimo en un 95% | D19: Líquido, en recipiente plástico con capacidad mínima de 3.750 ml | E19: Requiere NSO | F19: Si | G19: 1 | I19: 56183
A20: 12 | B20: Ambientador 2 | C20: - Solución con alcohol etílico y solventes. - Con fragancia en una concentración del 1,5% - En múltiples fragancias - libre de CFC - Envase correctamente etiquetado bajo los parámetros establecidos indicando: nombre comercial del producto, pictogramas de los compuestos peligrosos e instrucciones de uso. - Elaborado en material reciclable | D20: Líquido, en aerosol seguro para la capa de ozono con capacidad mínima de 360 ml | E20: Requiere NSO | F20: Si | G20: 1 | I20: 15738
... A61: 53 | B61: Acido Muriatrico por galon | C61: - De tipo uso domestico - Diluido al 28% | D61: Líquido, en recipiente de vidro con capacidad mínima de 500 ml | E61: Requiere NSO | F61: No | G61: 1 | I61: 17969
I62: =SUM(I9:I61) -> 1155170.9 | J62: =SUM(J9:J61) -> 0
B64: NOTA 1: El item 44 Se excuentra exento de Iva - - Estatuto tributario, Art. 424. Bienes que no causan el impuesto. 22.01 Agua, incluidas el agua mineral natural o artificial y la gaseada, sin adición de azúcar u otro edulcorante ni aromatizada, hielo y nieve.
B65: NOTA 2 Los item 41 y 42 son elementos que causan 5% de IVA - Estatuto tributario, Art. 468-1. Bienes gravados con la tarifa del cinco por ciento (5%). Café y Azúcar.

Sheet MAQUINARIA
B2: OBJETO | C2: Prestar el servicio integral de aseo, mantenimiento y cafetería, incluidos todos los insu-mos y elementos necesarios para su atención en las sedes de la Fiscalía General de la Nación - Subdirección de Apoyo Regional Caribe.
B6: MAQUINARIA
H7: TECHO PRESUPUESTAL | I7: OFERTA ECONÓMICA
A8: ITEM | B8: NECESIDAD | C8: Especificación | D8: Presentación | E8: REQUIERE NSO (notificación Sanitaria Obligatoria O RSA (Registro Sanitario) | F8: CONDICIÓN | G8: CANTIDAD | H8: VALOR INCLUIDO IVA (VALOR MES) | I8: VALOR INCLUIDO IVA (VALOR MES)
A9: 1 | B9: Carro exprimidor de trapero 1 | C9: - Elaborado en plástico - Capacidad mínima de 24 litros - Con cuatro ruedas y manija de escurridor | D9: Unidad | E9: No requiere | F9: Arrendamiento | G9: 1 | H9: 49980
A10: 2 | B10: Carros para limpieza | C10: - Tamaño mínimo de 70 cm de largo por 50 cm de ancho por 95 cm de alto - Mínimo dos bandejas de servicio - Con mínimo una bolsa de limpieza - Con plataforma para balde escurridor - Con cuatro ruedas antirayones - Ruedas delanteras con ángulo de giro de 360 grados | D10: Unidad | E10: No requiere | F10: Arrendamiento | G10: 1 | H10: 63070
A11: 3 | B11: Carro de bebidas | C11: - Elaborado en plástico - Mínimo dos estantes para distribución de bebidas - Tamaño mínimo de 80 cm de largo por 47 cm de ancho por 90 cm de alto | D11: Unidad | E11: No requiere | F11: Arrendamiento | G11: 1 | H11: 59500
A12: 4 | B12: Escalera 4 | C12: - Cuerpo Metálico - Altura mínima de mínimo seis pasos. | D12: Unidad | E12: No requiere | F12: Arrendamiento | G12: 1 | H12: 47600
A13: 5 | B13: Mangueras 3 | C13: - Longitud mínima de 50 metros - Elaborada en PVC - Con terminales roscadas en ambos extremos - Incluye accesorios: acoples y pistola | D13: Unidad | E13: No requiere | F13: Arrendamiento | G13: 1 | H13: 21420
A14: 6 | B14: Señales peatonales de prevención y atención 3 | C14: - Elaborado en plástico - Tipo tijera, plegable - Tamaño mínimo de 25 cm de ancho por 60 cm de alto por 22 cm de largo. - Impresión en las dos caras con las palabras "Piso húmedo o "Piso mojado"". - Color amarillo - Acordes con la reglamentación establecida por la NTC 1461 | D14: Unidad | E14: No requiere | F14: Arrendamiento | G14: 1 | H14: 14280
A15: 7 | B15: Dispensador para papel higiénico 1 | C15: - Elaborado en plástico ABS blanco - Para rollo de 250 metros y 400 metros - Con visor para ver el estado del rollo - Con cerradura y llave - Incluye los elementos necesarios para realizar la instalación en pared -Incluye el costo de instalación. | D15: Unidad | E15: No requiere | F15: Arrendamiento | G15: 1 | H15: 13090
A16: 8 | B16: Dispensador de toallas de manos 2 | C16: - Elaborado en plástico ABS - Para toallas de papel interdobladas con capacidad mínima de 300 toallas - Con mecanismo para halar con la mano. - Con cerradura y llave - Incluye los elementos necesarios para realizar la instalación en pared -Incluye el costo de instalación | D16: Unidad | E16: No requiere | F16: Arrendamiento | G16: 1 | H16: 13090
A17: 9 | B17: Dispensador de jabón líquido 1 | C17: - Elaborado en plástico ABS blanco - Con válvula manual anticorrosiva. - Uso habilitado para cualquier jabón líquido con capacidad mínima de 500 cc - Incluye los elementos necesarios para realizar la instalación en pared -Incluye el costo de instalación | D17: Unidad | E17: No requiere | F17: Arrendamiento | G17: 1 | H17: 10710
A18: 10 | B18: Dispensador de agua con botellón | C18: - Dispensador de agua fría y caliente - Uso de gas refrigerante seguro para la capa de ozono | D18: Unidad | E18: No requiere | F18: Arrendamiento | G18: 1 | H18: 80920
A19: 11 | B19: Greca para tintos 2 | C19: - Eléctrica de 110 v - Cuerpo elaborada en lámina de acero inoxidable de calibre 24 como mínimo, grado alimento - Resistencias elaboradas en cobre - Terminales elaboradas en cobre remplazables sin soldadura - Mínimo 2 servicios -Con su respectivo filtro y aro - Con capacidad para 60 tintos | D19: Unidad | E19: No requiere | F19: Arrendamiento | G19: 1 | H19: 59500
A20: 12 | B20: Greca para tintos 3 | C20: - Eléctrica de 110 v - Cuerpo elaborada en lámina de acero inoxidable de calibre 24 como mínimo, grado alimento - Resistencias elaboradas en cobre - Terminales elaboradas en cobre remplazables sin soldadura - Mínimo dos servicios -Con su respectivo filtro y aro - Con capacidad para 120 tintos | D20: Unidad | E20: No requiere | F20: Arrendamiento | G20: 1 | H20: 59500
... A28: 20 | B28: Guadañas | C28: -Guadaña de Eje Rígido - Viene cilindrada con apróximadamente 30 a 51,6 cm3. -Peso promedio entre 6,5 Kg y 7,7 Kg. -Cuchilla de 80 puntas -Capacidad del tanque de combustible entre 0,65 Lt y 1 Lt. -Cuenta con un sistema de arranque manual. -Cuenta con un sistema de ignición electrónico - Incluye el combustible para su funcioamiento (Máximo 3 galones) | D28: Unidad | E28: No requiere | F28: Arrendamiento | G28: 1 | H28: 142800
A29: TOTAL MAQUINARIA | H29: =SUM(H9:H28) -> 1746920 | I29: =SUM(I9:I28) -> 0

Sheet TOTAL
B2: ANEXO OFERTA ECONÓMICA
L4: VALOR 2024 | M4: 2219824300 | N4: AGOSTO- DICIMBRE
L5: VF 2025 | M5: 5807060369
B6: OBJETO | C6: Prestar el servicio integral de aseo, mantenimiento y cafetería, incluidos todos los insu-mos y elementos necesarios para su atención en las sedes de la Fiscalía General de la Nación - Subdirección de Apoyo Regional Caribe. | L6: VF 2026 | M6: 3573761735
M7: =SUM(M4:M6) -> 11600646404
B12: DESCRIPCIÓN | C12: VALOR MES
B13: FACTOR HUMANO INCLUIDO AIU E IVA SOBRE AIU MENSUAL | C13: =+'FACTOR HUMANO '!G37 -> 0
B14: SUMATORIA DE VALORES UNITARIOS INSUMOS INCLUIDO IVA | C14: =+'INSUMOS '!J62 -> 0
B15: SUMATORIA DE VALORES UNITARIOS BOLSA DE MAQUINARIA INCLUIDO IVA | C15: =+MAQUINARIA!I29 -> 0
B16: TOTAL
B22: PROMEDIO
C24: VALOR MES
B25: DESCRIPCIÓN | C25: VALOR MES
B26: FACTOR HUMANO INCLUIDO AIU E IVA SOBRE AIU MENSUAL | C26: =+#REF! -> #REF!
B27: INSUMOS | C27: =+#REF! -> #REF! | D27: =+#REF!+#REF! -> #REF!
B28: MAQUINARIA | C28: =+#REF! -> #REF!
B29: TOTAL
C32: 2024 | E32: 2025 | H32: 2026
B33: DESCRIPCIÓN | C33: VALOR MES | D33: VALOR TOTAL | E33: VALOR MES | F33: MESES | G33: VALOR TOTAL | H33: VALOR MES | I33: MESES | J33: VALOR TOTAL
B34: FACTOR HUMANO INCLUIDO AIU E IVA SOBRE AIU MENSUAL | C34: =+#REF! -> #REF! | D34: =+C34*#REF! -> #REF! | E34: =+C34+(C34*#REF!) -> #REF! | F34: 12 | G34: =+E34*F34 -> #REF! | H34: =+E34+(E34*#REF!) -> #REF! | I34: 7 | J34: =+H34*I34 -> #REF!
B35: INSUMOS | C35: =+#REF! -> #REF! | D35: =+C35*#REF! -> #REF! | E35: =+C35+(C35*#REF!) -> #REF! | F35: 12 | G35: =+E35*F35 -> #REF! | H35: =+E35+(E35*#REF!) -> #REF! | I35: 7 | J35: =+H35*I35 -> #REF!
B36: MAQUINARIA | C36: =+#REF! -> #REF! | D36: =+C36*#REF! -> #REF! | E36: =+C36+(C36*#REF!) -> #REF! | F36: 12 | G36: =+E36*F36 -> #REF! | H36: =+E36+(E36*#REF!) -> #REF! | I36: 7 | J36: =+H36*I36 -> #REF!
B37: TOTAL | D37: =SUM(D34:D36) -> #REF! | G37: =SUM(G34:G36) -> #REF! | J37: =SUM(J34:J36) -> #REF!
C39: PRESUPUESTO | D39: 2219824300 | G39: 5807060369 | J39: 3573761735 | K39: =SUM(D39:J39) -> 11600646404
C41: DIFERENCIA | D41: =+D37-D39 -> #REF! | G41: =+G37-G39 -> #REF! | J41: =+J37-J39 -> #REF!
